 Dungeon Crawl Stone Soup version 0.24-b1-1-gac51ba0 (webtiles) character file.

Game seed: 8524147066570554266, levelgen mode: deterministic

229 silenth the Digger (level 5, -9/28 HPs)
             Began as a Deep Elf Earth Elementalist on Oct 13, 2019.
             Was a Follower of Vehumet.
             Mangled by a gnoll
             ... wielding a +0 halberd
              (16 damage)
             ... on level 4 of the Dungeon.
             The game lasted 00:04:26 (3396 turns).

silenth the Digger (Deep Elf Earth Elementalist)    Turns: 3396, Time: 00:04:26

Health: -9/28      AC:  2    Str:  5    XL:     5   Next: 71%
Magic:  4/14       EV: 13    Int: 21    God:    Vehumet [*.....]
Gold:   195        SH:  0    Dex: 15    Spells: 7/13 levels left

rFire    . . .     SeeInvis .   k - +2 short sword (venom)
rCold    . . .     Gourm    .   (no shield)
rNeg     . . .     Faith    .   c - +0 robe
rPois    .         Spirit   .   (no helmet)
rElec    .         Reflect  .   m - scarf {cloud immunity}
rCorr    .         Harm     .   (no gloves)
MR       .....                  (no boots)
Stlth    ++........             (no amulet)
HPRegen  0.09/turn              (no ring)
MPRegen  0.14/turn              (no ring)

@: no status effects
A: no striking features
a: Renounce Religion


You were on level 4 of the Dungeon.
You worshipped Vehumet.
Vehumet was aware of your devotion.
You were not hungry.

You visited 1 branch of the dungeon, and saw 4 of its levels.

You collected 195 gold pieces.

Inventory:

Hand Weapons
 d - a +0 dagger
 k - a +2 short sword of venom (weapon)
 l - a +0 quarterstaff
Missiles
 b - 22 stones (quivered)
Armour
 c - a +0 robe (worn)
 m - a scarf of cloud immunity (worn)
Scrolls
 a - a scroll of random uselessness {unknown}
 f - 2 scrolls of teleportation {unknown}
 g - a scroll of remove curse {unknown}
 h - a scroll of noise {unknown}
 i - a scroll of immolation {unknown}
 j - 2 scrolls of identify {unknown}
 n - a scroll of fog {unknown}
 o - a scroll of magic mapping {unknown}
Potions
 p - a potion of curing
 q - a potion of heal wounds
 r - a potion of invisibility {unknown}
 s - a potion of berserk rage {unknown}
Comestibles
 e - 6 rations


   Skills:
 + Level 0.4 Fighting
 + Level 2.7 Dodging
 - Level 2.4 Stealth
 + Level 4.9 Spellcasting
 * Level 1.4 Conjurations
 - Level 1.1 Transmutations
 * Level 5.8 Earth Magic


You had 7 spell levels left.
You knew the following spells:

 Your Spells              Type           Power        Failure   Level  Hunger
a - Sandblast             Erth           ####..       1%          1    None
b - Passwall              Tmut/Erth      ###.....     4%          2    None
c - Stone Arrow           Conj/Erth      ###...       8%          3    ##.....

Your spell library contained the following spells:

 Spells                   Type           Power        Failure   Level  Hunger
 Shock                    Conj/Air       #...         9%          1    None
 Petrify                  Tmut/Erth      ###.....     26%         4    ####...
 Lee's Rapid Deconstruct  Erth           ####......   28%         5    #####..


Dungeon Overview and Level Annotations

Branches:
Dungeon (4/15)
 Temple: D:4-7

Altars:
Vehumet


Message History

The bullfrog skeleton hits you.
* * * LOW HITPOINT WARNING * * *
There is an open door here.
Casting: Stone Arrow (safe; 9% risk of failure)
Confirm with . or Enter, or press ? or * to list all spells.
Aiming: Sandblast (safe; 1% risk of failure)
Press: ? - help, Shift-Dir - straight line, f/p - bullfrog skeleton
Aim: a bullfrog skeleton (almost destroyed)
The blast of sand hits the bullfrog skeleton!
You destroy the bullfrog skeleton!
Vehumet accepts your kill.
You feel your power returning.
b - 22 stones You hit the gnoll.
You kill the gnoll!
Vehumet accepts your kill.
You feel your power returning.
The gnoll hits you from afar with a +0 halberd!
Ouch! That really hurt!
You die...

##..........# #........#
#..........# #........###
#..........#+######........#<#
#####.........#............#.###
####......#.....###.........
#......#.....# #.........
#......#.....# #.........
##.....#.....# #.........
#....##@....# #......###
##...g†.....# #......#
.......##.....# #......#
####.#........# #......#
#.#.######## ######## #....
##..#▒ #.># ##.


You could see a gnoll.

Vanquished Creatures
  A bullfrog skeleton (D:4)
  A hound (D:4)
  A hound skeleton (D:4)
  3 gnolls (D:4)
  4 adders
  An ooze (D:3)
  2 worms
  A dart slug (D:1)
  A leopard gecko (D:3)
  2 orcs
  4 giant cockroaches
  9 goblins
  11 hobgoblins
  4 jackals (D:4)
  A quokka (D:2)
  5 bats
  3 frilled lizards
  15 kobolds
  14 rats
83 creatures vanquished.

Notes
Turn   | Place    | Note
-------+----------+-------------------------------------------
     0 | D:1      | silenth the Deep Elf Earth Elementalist began the quest for
                  | the Orb.
     0 | D:1      | Reached XP level 1. HP: 10/10 MP: 6/6
   330 | D:1      | Reached XP level 2. HP: 15/15 MP: 4/8
   701 | D:1      | Reached skill level 4 in Earth Magic
  1145 | D:2      | Learned a level 2 spell: Passwall
  1160 | D:2      | Reached XP level 3. HP: 19/19 MP: 7/10
  1167 | D:2      | Learned a level 3 spell: Stone Arrow
  1436 | D:2      | Reached skill level 4 in Spellcasting
  1636 | D:2      | Found a radiant altar of Vehumet.
  1639 | D:2      | Reached XP level 4. HP: 24/24 MP: 8/12
  1647 | D:2      | Became a worshipper of Vehumet
  1954 | D:3      | Reached skill level 5 in Earth Magic
  2707 | D:3      | Reached * piety under Vehumet
  2707 | D:3      | Offered knowledge of Shock by Vehumet.
  3133 | D:4      | Noticed a phantom
  3285 | D:4      | Reached XP level 5. HP: 26/28 MP: 11/14
  3369 | D:4      | Reached skill level 1 in Conjurations
  3396 | D:4      | Mangled by a gnoll

Skill      XL: |  1  2  3  4  5 |
---------------+----------------+-----
Earth Magic    | 4 5 |  5.8
Spellcasting   | 4 |  4.9
Conjurations   | 1 |  1.4
Fighting       | |  0.4
Dodging        | |  2.7
Stealth        | |  2.4
Transmutations | |  1.1

Action                   |  1- 3 |  4- 6 || total
-------------------------+-------+-------++-------
Melee: Dagger            |     3 |       ||     3
       Quarterstaff      |    28 |    66 ||    94
       Short sword       |       |     5 ||     5
 Cast: Sandblast         |    34 |    17 ||    51
       Stone Arrow       |    10 |    13 ||    23
  Use: Potion            |     1 |     7 ||     8
 Stab: Sleeping          |     3 |     2 ||     5
  Eat: Chunk             |     3 |     4 ||     7
       Ration            |       |     1 ||     1
Armor: Robe              |     3 |    12 ||    15
Dodge: Dodged            |    34 |    75 ||   109
